 Dungeon Crawl Stone Soup version 0.26-a0-244-g083ca260ac (webtiles) character file.

Game seed: 3948648398083122135

92 BritishOli the Slasher (level 4, -5/34 HPs)
             Began as a Demonspawn Gladiator on July 8, 2020.
             Slain by a worm (8 damage)
             ... on level 2 of the Dungeon.
             The game lasted 00:02:06 (2069 turns).

BritishOli the Slasher (Demonspawn Gladiator)       Turns: 2069, Time: 00:02:07

Health: -5/34      AC:  4    Str: 15    XL:     4   Next: 35%
Magic:  4/4        EV: 13    Int: 10    God:
Gold:   110        SH:  0    Dex: 14    Spells: 3/3 levels left

rFire    . . .     SeeInvis .   a - +0 long sword
rCold    . . .     Faith    .   (no shield)
rNeg     . . .     Spirit   .   b - +0 leather armour
rPois    .         Reflect  .   c - +0 helmet
rElec    .         Harm     .   (no cloak)
rCorr    .                      (no gloves)
MR       .....                  (no boots)
Stlth    +.........             (no amulet)
HPRegen  0.11/turn              (no ring)
MPRegen  0.09/turn              (no ring)

@: no status effects
A: claws 1, rot immunity
a: no special abilities


You were on level 2 of the Dungeon.
You were not hungry.

You visited 1 branch of the dungeon, and saw 2 of its levels.

You collected 110 gold pieces.

Inventory:

Hand Weapons
 a - a +0 long sword (weapon)
Missiles
 d - 3 throwing nets (quivered)
Armour
 b - a +0 leather armour (worn)
 c - a +0 helmet (worn)
Jewellery
 h - an uncursed amulet of inaccuracy
 m - an uncursed ring of magical power {unknown}
Scrolls
 g - a scroll of fog {unknown}
 i - 4 scrolls of teleportation
 k - a scroll of enchant armour {unknown}
 p - a scroll of enchant weapon {unknown}
 r - a scroll of blinking {unknown}
Potions
 e - 2 potions of ambrosia {unknown}
 f - a potion of haste {unknown}
 j - 2 potions of stabbing {unknown}
 l - a potion of might {unknown}
 n - a potion of lignification {unknown}
 o - 2 potions of berserk rage {unknown}
 q - a potion of curing {unknown}


   Skills:
 + Level 2.6 Fighting
 + Level 3.2 Long Blades
 + Level 2.4 Throwing
 + Level 1.3 Armour
 + Level 3.2 Dodging


You had 3 spell levels left.
You didn't know any spells.
Your spell library was empty.

Dungeon Overview and Level Annotations

Branches:
Dungeon (2/15)

Altars:
Trog
Wu Jian


Innate Abilities, Weirdness & Mutations

You have sharp fingernails.
You are immune to rotting.


Message History

You are too injured to fight recklessly!
Unknown command.
You are too injured to fight recklessly!
Unknown command.
You are too injured to fight recklessly!
You slash the rat!
You kill the rat!
The worm bites you.
* * * LOW HITPOINT WARNING * * *
The worm bites you.
* * * LOW HITPOINT WARNING * * *
You see here a rat corpse.
You hit the worm.
The worm is heavily wounded.
The worm bites you.
* * * LOW HITPOINT WARNING * * *
You hit the worm.
The worm is severely wounded.
The worm bites you!
You die...

##.......##
#.........#
##....#....#
#.)..###...#
#.._.#y#...+
#)...###...#
#
#....#..^.#
. ##
#))w@.....#
...###.
##.......##
##.....
###....##
#......
######
..##### #. #
... ....
....#######
#..........


You could see a moth of wrath and a worm (berserk).

Vanquished Creatures
  A gnoll (D:1)
  2 adders (D:2)
  An ooze (D:2)
  2 worms (D:2)
  A dart slug (D:2)
  2 leopard geckos
  4 giant cockroaches
  3 hobgoblins
  4 jackals (D:2)
  6 kobolds
  2 ball pythons
  4 bats (D:1)
  4 frilled lizards (D:1)
  7 goblins
  8 rats
51 creatures vanquished.

Notes
Turn   | Place    | Note
-------+----------+-------------------------------------------
     0 | D:1      | BritishOli the Demonspawn Gladiator began the quest for the
                  | Orb.
     0 | D:1      | Reached XP level 1. HP: 16/16 MP: 1/1
   350 | D:1      | Gained mutation: You have sharp fingernails. [demonic
                  | ancestry]
   350 | D:1      | Reached XP level 2. HP: 22/22 MP: 2/2
   727 | D:1      | Reached XP level 3. HP: 28/28 MP: 3/3
   969 | D:2      | Reached skill level 1 in Armour
  1264 | D:2      | Gained mutation: You are immune to rotting. [demonic
                  | ancestry]
  1264 | D:2      | Reached XP level 4. HP: 34/34 MP: 4/4
  1497 | D:2      | Found an ornate altar of the Wu Jian Council.
  2058 | D:2      | Found a bloodstained altar of Trog.
  2058 | D:2      | Noticed a moth of wrath
  2069 | D:2      | Slain by a worm

Illustrated notes

Levels and vault maps discovered:
D:1:      dpeg_arrival_fog, layout_rooms
D:2:      layout_rooms, lemuel_coloured_pillars_altar, tgw_trog, minmay_bisected

Skill      XL: |  1  2  3 |
---------------+----------+-----
Throwing       | 2 |  2.4
Long Blades    | 3 |  3.2
Dodging        | 3 |  3.2
Armour         | 1 |  1.3
Fighting       | |  2.6

Action                   |  1- 3 |  4- 6 || total
-------------------------+-------+-------++-------
Melee: Long sword        |    89 |    52 ||   141
  Use: Scroll            |     2 |       ||     2
  Eat: Ration            |     1 |       ||     1
Armor: Leather armour    |    29 |    10 ||    39
Dodge: Dodged            |    58 |    42 ||   100
       Rpst.: Long sword |    23 |    12 ||    35

Table legend:
 A = Non-vault XP
 B = Vault XP
 C = Vault XP percentage of total XP
 D = Non-vault monster count
 E = Vault monster count
 F = Vault count percentage of total count
                 A         B        C        D         E       F
            +---------+---------+-------+---------+---------+-------
      Total |     122 |      10 |   7.6 |      43 |       8 |  15.7
            +---------+---------+-------+---------+---------+-------
        D:1 |      56 |       0 |   0.0 |      28 |       0 |   0.0
        D:2 |      66 |      10 |  13.2 |      15 |       8 |  34.8
            +---------+---------+-------+---------+---------+-------
